 Dungeon Crawl Stone Soup version 0.29.0-4-gdea44cf6ec (webtiles) character file.

Game seed: 13485784970979151282

159 qw the Ruffian (level 5, 0/41 HPs)
             Began as a Ghoul Fire Elementalist on Aug 29, 2022.
             Slain by a gnoll sergeant
             ... wielding a +0 trident
              (4 damage)
             ... on level 6 of the Dungeon.
             The game lasted 00:03:31 (4099 turns).

qw the Ruffian (Ghoul Fire Elementalist)            Turns: 4099, Time: 00:03:32

Health: 0/41       AC:  9    Str: 14    XL:     5   Next: 40%
Magic:  6/6        EV:  9    Int: 10    God:
Gold:   114        SH:  0    Dex: 15    Spells: 6/7 levels left

rFire   . . .      SeeInvis .     - Unarmed
rCold   + + .      Faith    .   (no shield)
rNeg    + + +      Spirit   .   k - +0 scale mail
rPois   inf        Reflect  .   (no helmet)
rElec   .          Harm     .   (no cloak)
rCorr   .          Rampage  .   d - +2 pair of gloves
Will    .....                   (no boots)
Stlth   +.........              (no amulet)
HPRegen 0.00/turn               f - +6 ring of dexterity
MPRegen 0.10/turn               g - ring of protection from cold

@: about to teleport, inhibited regen
A: claws 1, cold resistance 1, negative energy resistance 3, inhibited
regeneration, torment resistance 2, devour on kill
a: no special abilities


You were on level 6 of the Dungeon.
You visited 1 branch of the dungeon, and saw 5 of its levels.

You collected 114 gold pieces.


Innate Abilities, Weirdness & Mutations

You are immune to poison.
You have sharp fingernails.
Your flesh is cold resistant. (rC+)
You are immune to negative energy. (rN+++)
You do not regenerate when monsters are visible.
You are immune to unholy pain and torment.
You thrive by killing the living.


   Skills:
 - Level 2.2 Fighting
 - Level 1.7 Dodging
 - Level 2.1 Stealth
 + Level 4.7 Unarmed Combat
 - Level 1.7 Spellcasting
 - Level 0.7 Conjurations
 - Level 2.4 Fire Magic


You had 6 spell levels left.
You knew the following spells:

 Your Spells              Type           Power      Damage    Failure   Level
a - Foxfire               Conj/Fire      16%        2x1d4     58%         1

Your spell library contained the following spells:

 Spells                   Type           Power      Damage    Failure   Level
 Scorch                   Fire           10%        2d5       63%         2
 Conjure Flame            Conj/Fire      4%         6-21      92%         3
 Inner Flame              Hex/Fire       3%         N/A       95%         3
 Flame Wave               Conj/Fire      4%         2d5       100%        4

Inventory:

Missiles
 a - 3 boomerangs (quivered)
Armour
 d - a +2 pair of gloves (worn)
 k - a +0 scale mail (worn)
Jewellery
 f - a +6 ring of dexterity (left hand)
 g - a ring of protection from cold (right hand)
Scrolls
 e - 6 scrolls of teleportation
 h - a scroll of identify
Potions
 b - 2 potions of might
 j - a potion of haste

Dungeon Overview and Level Annotations

Branches:
Dungeon (6/15)
 Temple: D:4-7

Altars:


Message History

You closely miss the adder.
The adder is almost dead.
The adder barely misses you.
You barely miss the adder.
The adder is almost dead.
Your surroundings suddenly seem different.
Found a stone staircase leading up.
You start resting.
A gnoll is nearby!
4072 ||| Stepping ~*~*~tactically~*~*~ (stealth).
You start resting.
A gnoll is nearby!
4074 ||| Stepping ~*~*~tactically~*~*~ (stealth).
You start resting.
A gnoll is nearby!
4086 ||| Stepping ~*~*~tactically~*~*~ (stealth).
4087 ||| Stepping ~*~*~tactically~*~*~ (stealth).
4088 ||| Stepping ~*~*~tactically~*~*~ (stealth).
You start resting.
A gnoll is nearby!
Found 15 gold pieces.
The gnoll shouts!
You hear a shout! x2
The gnoll barely misses you.
The gnoll shouts!
The gnoll hits you with a +0 spear.
You closely miss the gnoll. You punch the gnoll, but do no damage.
The gnoll hits you but does no damage.
You barely miss the gnoll. The gnoll hits you but does no damage.
The gnoll sergeant hits you but does no damage.
You hit the gnoll.
The gnoll is moderately wounded.
The gnoll hits you with a +0 spear.
The gnoll sergeant hits you but does no damage.
4099 ||| READING 7 scrolls of teleportation.
As you read the scroll of teleportation, it crumbles to dust.
You feel strangely unstable. The gnoll hits you with a +0 spear.
The gnoll sergeant hits you from afar with a +0 trident.
You die...

.......#
........#
#.......# .
.......# ..#
$.. ... ..
#.# #g#
..##.##.# #.#
...g.gg<###.#
#.g.@....#
##########


You could see a gnoll sergeant and 3 gnolls.

Vanquished Creatures
  An orc priest (D:3)
  A gnoll (D:6)
  4 adders
  An ufetubus (D:4)
  4 worms
  2 orcs (D:3)
  7 endoplasms
  3 giant cockroaches
  4 goblins
  6 hobgoblins
  A quokka (D:1)
  6 ball pythons
  5 bats
  9 frilled lizards
  10 kobolds
  4 rats
68 creatures vanquished.

Notes
Turn   | Place    | Note
-------+----------+-------------------------------------------
     0 | D:1      | qw the Ghoul Fire Elementalist began the quest for the Orb.
     0 | D:1      | Reached XP level 1. HP: 14/14 MP: 2/2
     0 | D:1      | 0 ||| qw: Version: 0.1-a-90-g952f4b7
     0 | D:1      | 0 ||| qw: Game counter: 3757
     0 | D:1      | 0 ||| qw: Always use a shield: true
     0 | D:1      | 0 ||| qw: God list: Okawaru
     0 | D:1      | 0 ||| qw: Allow faded altars: false
     0 | D:1      | 0 ||| qw: Do Orc after D:15 true
     0 | D:1      | 0 ||| qw: Do second Lair branch before Depths: true
     0 | D:1      | 0 ||| qw: Lair rune preference: random
     0 | D:1      | 0 ||| qw: Plans: Normal
     0 | D:1      | 0 ||| PLANNING D:1-11
    45 | D:1      | 45 ||| Stepping ~*~*~tactically~*~*~ (stealth).
   137 | D:1      | Reached skill level 1 in Unarmed Combat
   146 | D:1      | 146 ||| Stepping ~*~*~tactically~*~*~ (stealth).
   163 | D:1      | HP: 3/15 [goblin/+0 dagger (2)]
   167 | D:1      | Reached skill level 1 in Fighting
   167 | D:1      | Reached XP level 2. HP: 5/23 MP: 3/3
   168 | D:1      | HP: 1/23 [kobold/+0 dagger (1)]
   669 | D:1      | 669 ||| Stepping ~*~*~tactically~*~*~ (stealth).
   671 | D:1      | 671 ||| Stepping ~*~*~tactically~*~*~ (stealth).
   790 | D:1      | Reached skill level 2 in Unarmed Combat
   936 | D:1      | 936 ||| Stepping ~*~*~tactically~*~*~ (stealth).
   947 | D:1      | 947 ||| Stepping ~*~*~tactically~*~*~ (stealth).
   951 | D:1      | 951 ||| Stepping ~*~*~tactically~*~*~ (stealth).
   959 | D:1      | Reached XP level 3. HP: 24/28 MP: 4/4
  1499 | D:1      | 1499 ||| UPGRADING to +6 ring of dexterity.
  1500 | D:1      | 1500 ||| UPGRADING to ring of protection from cold.
  1501 | D:1      | 1501 ||| READING 4 scrolls labelled NIQ GITOUGASYA.
  1504 | D:1      | 1504 ||| READING 2 scrolls labelled KEOWKI OMUA.
  1505 | D:1      | 1505 ||| READING scroll labelled RADEFET KICVA.
  1506 | D:1      | 1506 ||| READING scroll labelled YPSA QEEHAIC.
  1507 | D:1      | 1507 ||| DROPPING potion of magic.
  1555 | D:2      | Reached skill level 3 in Unarmed Combat
  1641 | D:2      | 1641 ||| FLEEEEING.
  1651 | D:2      | 1651 ||| STAIRDANCE
  1700 | D:2      | 1700 ||| Stepping ~*~*~tactically~*~*~ (hiding).
  1807 | D:2      | 1807 ||| Stepping ~*~*~tactically~*~*~ (stealth).
  1810 | D:2      | 1810 ||| Stepping ~*~*~tactically~*~*~ (stealth).
  1812 | D:2      | 1812 ||| Stepping ~*~*~tactically~*~*~ (stealth).
  1813 | D:2      | 1813 ||| Stepping ~*~*~tactically~*~*~ (stealth).
  1814 | D:2      | 1814 ||| Stepping ~*~*~tactically~*~*~ (stealth).
  1815 | D:2      | 1815 ||| Stepping ~*~*~tactically~*~*~ (stealth).
  1816 | D:2      | 1816 ||| Stepping ~*~*~tactically~*~*~ (stealth).
  1818 | D:2      | 1818 ||| Stepping ~*~*~tactically~*~*~ (stealth).
  1840 | D:2      | 1840 ||| FLEEEEING.
  1841 | D:2      | 1841 ||| FLEEEEING.
  1906 | D:2      | 1906 ||| Stepping ~*~*~tactically~*~*~ (stealth).
  1907 | D:2      | 1907 ||| Stepping ~*~*~tactically~*~*~ (stealth).
  1915 | D:2      | 1915 ||| Stepping ~*~*~tactically~*~*~ (stealth).
  1958 | D:2      | Reached XP level 4. HP: 30/35 MP: 5/5
  1967 | D:2      | 1967 ||| Stepping ~*~*~tactically~*~*~ (stealth).
  2522 | D:2      | 2522 ||| UPGRADING to +0 scale mail.
  2523 | D:2      | 2523 ||| Stepping ~*~*~tactically~*~*~ (stealth).
  2524 | D:2      | 2524 ||| UPGRADING to +0 scale mail.
  2626 | D:2      | 2626 ||| UPGRADING to +0 robe.
  2631 | D:2      | 2631 ||| UPGRADING to +0 scale mail.
  2641 | D:2      | 2641 ||| DROPPING +0 robe.
  2644 | D:2      | 2644 ||| READING scroll labelled YLO MOVYIWNY.
  2645 | D:2      | 2645 ||| READING scroll labelled BUGHOC OCELEM.
  2646 | D:2      | 2646 ||| DRINKING 3 black potions.
  2647 | D:2      | 2647 ||| READING 3 scrolls of identify.
  2647 | D:2      | 2647 ||| IDENTIFYING orange potion
  2648 | D:2      | 2648 ||| READING 2 scrolls of identify.
  2648 | D:2      | 2648 ||| IDENTIFYING lumpy white potion
  2688 | D:3      | Reached skill level 4 in Unarmed Combat
  2698 | D:3      | Found a faded altar of an unknown god.
  3382 | D:3      | 3382 ||| UPGRADING to +2 pair of gloves.
  3387 | D:3      | 3387 ||| READING scroll labelled FIAKAO SUPI.
  3388 | D:3      | 3388 ||| READING 2 scrolls of identify.
  3388 | D:3      | 3388 ||| IDENTIFYING white potion
  3389 | D:3      | 3389 ||| DROPPING potion of ambrosia.
  3404 | D:4      | 3404 ||| Stepping ~*~*~tactically~*~*~ (hiding).
  3417 | D:4      | 3417 ||| Stepping ~*~*~tactically~*~*~ (outnumbered).
  3418 | D:4      | 3418 ||| STAIRDANCE
  3630 | D:4      | 3630 ||| STAIRDANCE
  3712 | D:4      | 3712 ||| STAIRDANCE
  3714 | D:3      | HP: 6/36 [orc priest/divine providence (14)]
  3715 | D:3      | 3715 ||| READING 10 scrolls of teleportation.
  3716 | D:3      | 3716 ||| DRINKING 2 potions of heal wounds.
  3718 | D:3      | Reached XP level 5. HP: 37/41 MP: 6/6
  3823 | D:4      | You fall into a shaft and drop 2 floors!
  3862 | D:6      | HP: 7/41 [gnoll sergeant/+0 trident (7)]
  3863 | D:6      | 3863 ||| READING 9 scrolls of teleportation.
  3863 | D:6      | HP: 2/41 [gnoll sergeant/+0 trident (5)]
  3864 | D:6      | 3864 ||| DRINKING potion of heal wounds.
  4007 | D:6      | HP: 9/41 [adder (3)]
  4008 | D:6      | 4008 ||| READING 8 scrolls of teleportation.
  4072 | D:6      | 4072 ||| Stepping ~*~*~tactically~*~*~ (stealth).
  4074 | D:6      | 4074 ||| Stepping ~*~*~tactically~*~*~ (stealth).
  4086 | D:6      | 4086 ||| Stepping ~*~*~tactically~*~*~ (stealth).
  4087 | D:6      | 4087 ||| Stepping ~*~*~tactically~*~*~ (stealth).
  4088 | D:6      | 4088 ||| Stepping ~*~*~tactically~*~*~ (stealth).
  4098 | D:6      | HP: 8/41 [gnoll/+0 spear[a gnoll sergeant] (5)]
  4099 | D:6      | 4099 ||| READING 7 scrolls of teleportation.
  4099 | D:6      | Slain by a gnoll sergeant

Levels and vault maps discovered:
D:1:      minmay_arrival_nine_rooms, layout_loops_ring, minmay_heptomino_h4
D:2:      layout_loops_cross
D:3:      layout_basic, shapermc_ecumenical_altar_acropolis,
          nicolae_elevator_lobby_plus
D:4:      layout_loops_cross, minmay_temple_entry_tees, nicolae_hexahallways
D:6:      layout_loops_corners, mainiacjoe_overflow_small_starburst,
          uniq_sigmund

Skill      XL: |  1  2  3  4 |
---------------+-------------+-----
Unarmed Combat | 1 2 3 4 |  4.7
Fighting       | 1 2 |  2.2
Dodging        | |  1.7
Stealth        | |  2.1
Spellcasting   | |  1.7
Conjurations   | |  0.7
Fire Magic     | |  2.4

Action                   |  1- 3 |  4- 6 || total
-------------------------+-------+-------++-------
Melee: Unarmed           |   149 |   159 ||   308
       Punch             |     5 |    10 ||    15
  Use: Scroll            |     4 |    10 ||    14
       Potion            |       |     3 ||     3
 Stab: Distracted        |     1 |       ||     1
       Sleeping          |       |     1 ||     1
Armor: Robe              |    19 |     5 ||    24
       Scale mail        |       |    39 ||    39
Dodge: Dodged            |    73 |    66 ||   139

Table legend:
 A = Non-vault XP
 B = Vault XP
 C = Vault XP percentage of total XP
 D = Non-vault monster count
 E = Vault monster count
 F = Vault count percentage of total count
                 A         B        C        D         E       F
            +---------+---------+-------+---------+---------+-------
      Total |     224 |       4 |   1.8 |      65 |       3 |   4.4
            +---------+---------+-------+---------+---------+-------
        D:1 |      40 |       4 |   9.1 |      25 |       3 |  10.7
        D:2 |      67 |       0 |   0.0 |      20 |       0 |   0.0
        D:3 |      90 |       0 |   0.0 |      17 |       0 |   0.0
        D:4 |      13 |       0 |   0.0 |       2 |       0 |   0.0
        D:6 |      14 |       0 |   0.0 |       1 |       0 |   0.0
            +---------+---------+-------+---------+---------+-------
